AoeStats
← Squirtle

MegaRandom

510029955Analyzed
2v2 RM · 1d ago on Sep 29, 2026· 49m 14s· 4 players
Game mode
Random Map
Map size
Medium (4 player)
Population
200
Speed
Normal
Resources
Standard
Victory
Conquest
Starting age
Dark Age
Ending age
Imperial Age
RankedLock teamsTeams togetherTeam positionsShared explorationLock speedFull tech treeHidden civsTurbo modeCheats
Victory
Defeat
🇲🇽 Saracens · Mexico
1162
+14
🇨🇱 Vietnamese · Chile
1157
+14
🇨🇳 Slavs · China
1119
-14
🇲🇽 Vietnamese · Mexico
1104
-14
mbuenrostro56
6:13 Loom
12:13 Feudal Age
15:15 Double-Bit Axe
17:46 Horse Collar
22:19 Castle Age
20:40 Fletching
20:53 Padded Archer Armor
23:11 Wheelbarrow
22:22 Crossbowman
23:10 Bodkin Arrow
24:31 Thumb Ring
26:45 Hand Cart
26:49 Leather Archer Armor
26:50 Heavy Plow
27:04 Town Watch
28:37 Bow Saw
29:10 Elite Skirmisher
34:17 Ballistics
SAKI
10:56 Loom
13:31 Feudal Age
17:36 Castle Age
16:37 Horse Collar
17:25 Gold Mining
17:26 Double-Bit Axe
25:46 Bow Saw
26:37 Heavy Plow
27:18 Wheelbarrow
28:20 Hand Cart
28:35 Bloodlines
28:25 Husbandry
28:36 Bloodlines
28:40 Husbandry
29:40 Scale Barding Armor
29:45 Forging
30:41 Chain Barding Armor
30:27 Town Watch
31:45 Iron Casting
39:08 Man-at-Arms
39:49 Squires
39:51 Scale Mail Armor
43:07 Imperial Age
40:56 Chain Mail Armor
40:18 Long Swordsman
43:21 Cavalier
44:38 Plate Barding Armor
45:03 Blast Furnace
43:42 Light Cavalry
46:01 Blast Furnace
46:09 Two-Man Saw
45:46 Crop Rotation
45:27 Hussar
47:35 Plate Mail Armor
46:29 Pikeman
€njøy™
4:48 Loom
12:29 Feudal Age
12:57 Horse Collar
13:30 Double-Bit Axe
19:41 Castle Age
20:41 Wheelbarrow
30:36 Gold Mining
30:53 Light Cavalry
33:13 Scale Barding Armor
34:38 Forging
38:25 Imperial Age
40:31 Scale Mail Armor
40:04 Pikeman
43:27 Husbandry
45:07 Bloodlines
Squirtle
2:53 Loom
12:41 Feudal Age
19:17 Castle Age
18:01 Double-Bit Axe
18:48 Horse Collar
20:04 Wheelbarrow
19:14 Town Watch
19:34 Fletching
22:16 Elite Skirmisher
24:12 Bodkin Arrow
24:51 Padded Archer Armor
27:49 Leather Archer Armor
28:57 Pikeman
30:24 Squires
30:36 Scale Mail Armor
30:46 Forging
34:09 Ballistics
34:41 Chain Mail Armor
35:04 Iron Casting
Connection lost

Rejoining the realm…

Still unreachable

The connection could not be restored.

Session expired

The server has moved on; the page needs a fresh start.